 Dungeon Crawl Stone Soup version 0.31.0-9-g3a7656b989 (webtiles) character file.

Game seed: 10117846784899504411

151 jagang the Slasher (level 5, -6/42 HPs)
             Began as a Human Monk on Jan 24, 2024.
             Mangled by an iguana (10 damage)
             ... on level 4 of the Dungeon.
             The game lasted 00:03:42 (2215 turns).

jagang the Slasher (Human Monk)                     Turns: 2215, Time: 00:03:42

Health: -6/42      AC:  8    Str: 12    XL:     5   Next: 33%
Magic:  5/5        EV:  7    Int: 10    God:
Gold:   107        SH:  0    Dex: 17    Spells: 4/4 levels left

rFire   . . .        a - +0 falchion
rCold   . . .        d - orb {light}
rNeg    . . .        k - +0 chain mail
rPois   .            (no helmet)
rElec   .            (no cloak)
rCorr   .            (no gloves)
SInv    .            (no boots)
Will    .....        (no amulet) Stlth
                     (no ring)
HPRegen 0.27/turn    (no ring)
MPRegen 0.09/turn

%: no passive effects
@: glowing
A: explore regen
a: no special abilities


You were on level 4 of the Dungeon.
You visited 1 branch of the dungeon, and saw 4 of its levels.

You collected 107 gold pieces.

Inventory:

Hand Weapons
 a - a +0 falchion (weapon)
Missiles
 e - 5 boomerangs (quivered)
 j - 2 throwing nets
Armour
 d - an orb of light (worn)
 k - a +0 chain mail (worn)
Scrolls
 f - a scroll of immolation
 g - a scroll of vulnerability
 i - 3 scrolls of poison
 n - a scroll of fog
 o - a scroll of enchant weapon {unknown}
 p - a scroll of teleportation {unknown}
 s - a scroll of fear {unknown}
 t - a scroll of enchant armour {unknown}
Potions
 b - a potion of enlightenment {unknown}
 c - 2 potions of ambrosia
 h - 2 potions of might {unknown}
 l - a potion of mutation {unknown}
 m - a potion of lignification {unknown}
 r - a potion of attraction {unknown}
 u - a potion of curing {unknown}


   Skills:
 * Level 4.0 Fighting
 * Level 4.0 Long Blades
 + Level 1.6 Throwing
 * Level 2.2 Armour
 - Level 3.0 Dodging


You had 4 spell levels left.
You didn't know any spells.
Your spell library contained the following spells:

 Spells                   Type           Power      Damage    Failure   Level
 Apportation              Tloc           0%         N/A       100%        1
 Ensorcelled Hibernation  Hex/Ice        0%         N/A       100%        2
 Jinxbite                 Hex            0%         N/A       100%        2
 Fugue of the Fallen      Necr           0%         N/A       100%        3
 Anguish                  Hex/Necr       0%         N/A       100%        4
 Alistair's Intoxication  Alch           0%         N/A       100%        5


Dungeon Overview and Level Annotations

Branches:
Dungeon (4/15)
 Temple: D:4-7

Altars:

Shops:
D:2 [


Innate Abilities, Weirdness & Mutations

You regain HP and MP as you explore.


Message History

You hit the iguana but do no damage.
The iguana is moderately wounded.
The iguana bites you.
You hit the iguana.
The iguana is moderately wounded.
The iguana bites you.
You barely miss the iguana.
The iguana is moderately wounded.
The ball python completely misses you. The ball python grabs you.
The ball python constricts you. The iguana bites you.
The ball python barely misses you. The ball python constricts you.
You hit the ball python.
The ball python is heavily wounded.
The iguana bites you but does no damage.
The ball python bites you but does no damage.
The ball python constricts you.
You hit the ball python but do no damage.
The ball python is heavily wounded.
The ball python bites you but does no damage.
The ball python constricts you. The iguana bites you!
You are too injured to fight recklessly!
You are too injured to fight recklessly!
You are too injured to fight recklessly!
You slash the ball python!
You kill the ball python!
The iguana closely misses you.
You hit the iguana.
The iguana is severely wounded.
A black bear comes into view.
The iguana bites you.
The black bear growls angrily.
You hit the iguana but do no damage.
The iguana is severely wounded.
The iguana bites you!
* * * LOW HITPOINT WARNING * * *
You hit the iguana.
The iguana is almost dead.
The iguana bites you but does no damage.
The iguana bites you!
You die...

#........ #........
#........ +........
#........ #..
#####........
##...###...#l.......
.......<...#@.......
...........#........
...........'........
####+##+####........
.....h... .........
..........
..........
...........


You could see a black bear and an iguana.

Vanquished Creatures
  3 gnolls (D:2)
  5 adders
  2 dart slugs (D:1)
  3 ribbon worms
  3 bats
  4 endoplasms
  8 giant cockroaches
  3 goblins
  5 hobgoblins
  4 kobolds
  4 quokkas
  8 ball pythons
  3 frilled lizards
  7 rats
62 creatures vanquished.

Notes
Turn   | Place    | Note
-------+----------+-------------------------------------------
     0 | D:1      | jagang the Human Monk began the quest for the Orb.
     0 | D:1      | Reached XP level 1. HP: 18/18 MP: 1/1
    69 | D:1      | Reached XP level 2. HP: 24/24 MP: 2/2
   289 | D:1      | Reached skill level 1 in Armour
   471 | D:1      | Reached XP level 3. HP: 27/29 MP: 3/3
   783 | D:2      | Reached skill level 1 in Throwing
   808 | D:2      | Reached XP level 4. HP: 18/36 MP: 4/4
  1295 | D:2      | Found Urphanwyg's Armour Boutique.
  1524 | D:3      | Reached XP level 5. HP: 41/42 MP: 5/5
  2213 | D:4      | Noticed a black bear
  2215 | D:4      | Mangled by an iguana

Illustrated notes

Levels and vault maps discovered:
D:1:      ncdulo_watergridlock, layout_basic, kennysheep_nondescript
D:2:      layout_basic, serial_shops, nicolae_shop_peninsula
D:3:      layout_basic
D:4:      layout_gridville, minitemple, gammafunk_ghost_split,
          minmay_hedge_maze, minmay_misc_feat_ornament,
          kennysheep_generic_room_13, uniq_ijyb

Skill      XL: |  1  2  3  4  5 |
---------------+----------------+-----
Armour         | 1 2 |  2.2
Throwing       | 1 |  1.6
Long Blades    | 4 |  4.0
Fighting       | 4 |  4.0
Dodging        | |  3.0

Action                     |  1- 3 |  4- 6 || total
---------------------------+-------+-------++-------
  Melee: Falchion          |    63 |    84 ||   147
  Throw: Boomerang         |    14 |     6 ||    20
    Use: Scroll            |       |     4 ||     4
 Armour: Ring mail         |    38 |     2 ||    40
         Robe              |     2 |       ||     2
         Chain mail        |       |    72 ||    72
  Dodge: Dodged            |    25 |    39 ||    64
